Map: Akilon Wastes

Players

MrAce - Winner!

  • Race: Terran Terran
  • Spawn Location: 11:00

A.I. 1 (Very Easy)

  • Race: Protoss Protoss
  • Spawn Location: 5:00

VOD

Have the link to the VOD?

Description

Time

  • Played on: Nov. 20, 2017, 12:33 p.m.
  • Length: 4:30
Show
View Real Time Build Order
Export as new Build Order

MrAce Terran - Winner!

Build Orders:  

Get SALT Encoding   

  12  0:01  SCV  
  13  0:13  SCV  
  14  0:19  Supply Depot  
  14  0:25  SCV  
  15  0:40  SCV  
  15  0:42  Barracks  
  16  0:47  Refinery  
  16  0:52  SCV  
  17  1:02  Barracks  
  17  1:06  SCV  
  18  1:18  SCV  
  19  1:30  Supply Depot  
  19  1:32  Orbital Command  
  19  1:36  Marine  
  20  1:49  Barracks Reactor  
  20  1:54  Marine  
  20  1:56  Refinery  
  21  2:03  SCV  
  21  2:08  Factory  
  22  2:12  Marine  
  22  2:15  SCV  
  24  2:25  Marine x2  
  24  2:27  SCV  
  27  2:30  Marine  
  28  2:39  SCV  
  28  2:43  Marine x2  
  31  2:46  Supply Depot  
  31  2:48  Marine  
  31  3:07  Marine x2  
  31  3:08  Cyclone  
  36  3:15  Marine  
  37  3:31  Starport  
  37  3:45  Command Center  
  37  3:46  Marine x2  
  39  3:54  Supply Depot  
Show
View Real Time Build Order
Export as new Build Order

A.I. 1 (Very Easy) Protoss 

Build Orders:  

Get SALT Encoding   

  12  0:00  Probe  
  13  0:13  Probe  
  14  0:20  Pylon  
  14  0:36  Assimilator  
  14  0:41  Gateway  
  14  0:46  Pylon  
  14  1:13  Assimilator  
  14  1:20  Probe  
  16  1:32  Probe  
  16  1:33  Cybernetics Core  
  16  1:44  Probe  
  17  1:57  Probe  
  18  2:09  Warp Gate, Probe  
  18  2:10  Stalker  
  21  2:21  Probe  
  24  4:04  Probe, Pylon  
  24  4:16  Probe  
Tags
 
Add a new tag
Caveats
  • Supply blocks, unpowered buildings, or Contaminate may cause inaccurate times.
  • Supply counts are checked every 10 seconds.